 Dungeon Crawl Stone Soup version 0.27-a0-1189-gb8eb6cee8e (webtiles) character file.

Game seed: 2990852830353276225

119 leviel the Caller (level 5, -28/35 HPs)
             Began as a Merfolk Summoner on May 22, 2021.
             Killed by an exploding orc (50 damage)
             ... ignited by their inner flame
             ... on level 4 of the Dungeon.
             The game lasted 00:14:47 (5392 turns).

leviel the Caller (Merfolk Summoner)                Turns: 5392, Time: 00:14:47

Health: -28/35     AC:  4    Str:  9    XL:     5   Next: 3%
Magic:  5/8        EV: 12    Int: 15    God:
Gold:   155        SH:  0    Dex: 14    Spells: 6/8 levels left

rFire    . . .     SeeInvis .   (no weapon)
rCold    . . .     Faith    .   (no shield)
rNeg     . . .     Spirit   .   a - +1 robe
rPois    .         Reflect  .   (no helmet)
rElec    .         Harm     .   g - +0 cloak
rCorr    .         Rampage  .   (no gloves)
Will     .....                  (no boots)
Stlth    ++........             (no amulet)
HPRegen  0.11/turn              (no ring)
MPRegen  0.11/turn              (no ring)

@: no status effects
A: (nimble swimmer 2), mertail
a: no special abilities


You were on level 4 of the Dungeon.
You visited 1 branch of the dungeon, and saw 4 of its levels.

You collected 155 gold pieces.

Inventory:

Armour
 a - a +1 robe (worn)
 g - a +0 cloak (worn)
 k - a +0 plate armour
Jewellery
 b - a ring of fire
Scrolls
 l - a scroll of amnesia {unknown}
 m - a scroll of fog
Potions
 c - a potion of haste {unknown}
 d - a potion of flight {unknown}
 e - a potion of heal wounds {unknown}
 f - a potion of invisibility {unknown}
 h - a potion of magic {unknown}
 i - a potion of lignification {unknown}
 j - 2 potions of degeneration {unknown}


   Skills:
 - Level 2.8 Dodging
 - Level 2.4 Stealth
 - Level 2.2 Spellcasting
 + Level 3.0 Conjurations
 - Level 4.3 Summonings
 - Level 0.1 Air Magic


You had 6 spell levels left.
You knew the following spells:

 Your Spells              Type           Power      Damage    Failure   Level
a - Summon Small Mammal   Summ           56%        N/A       3%          1
b - Shock                 Conj/Air       24%        1d4       11%         1

Your spell library contained the following spells:

 Spells                   Type           Power      Damage    Failure   Level
 Call Imp                 Summ           14%        N/A       5%          2
 Call Canine Familiar     Summ           14%        N/A       11%         3
 Static Discharge         Conj/Air       6%         N/A       17%         2
 Animate Skeleton         Necr           2%         N/A       22%         1
 Apportation              Tloc           2%         N/A       22%         1
 Corona                   Hex            1%         N/A       22%         1
 Summon Guardian Golem    Hex/Summ       8%         N/A       26%         3
 Swiftness                Air            2%         N/A       52%         3
 Summon Ice Beast         Ice/Summ       8%         N/A       65%         4
 Summon Lightning Spire   Summ/Air       8%         N/A       65%         4
 Airstrike                Air            1%         N/A       90%         4
 Lightning Bolt           Conj/Air       3%         1d14      97%         5


Dungeon Overview and Level Annotations

Branches:
Dungeon (4/15)
 Temple: D:4-7

Altars:
Zin

Shops:
D:1 (


Innate Abilities, Weirdness & Mutations

((You are quick and stealthy near water. (Stealth+, EV+, Speed+++)))
Your lower body shifts to a powerful aquatic tail in water.


Message History

The orc closely misses your rat.
An orc priest comes into view. It is wielding a +0 falchion.
A magic dart appears from out of thin air!
The magic dart hits your quokka.
The orc hits your quokka with a +0 club.
Your quokka dies!
Your quokka's corpse disappears in a puff of smoke!
The orc shouts!
You hear a shout!
The orc priest looks braver for a moment.
The orc misses your rat.
A magic dart appears from out of thin air!
The magic dart hits your bat.
Your bat dies!
Your bat's corpse disappears in a puff of smoke!
Your rat barely misses the orc.
An orc wizard comes into view. It is wielding a +0 dagger.
The orc misses your rat.
Your rat barely misses the orc.
The orc priest calls down the wrath of Beogh upon you.
Beogh smites you! The orc hits your rat with a +0 mace.
Your rat dies!
Your rat's corpse disappears in a puff of smoke!
The orc hits you but does no damage.
Your quokka barely misses the orc.
The orc misses your quokka.
Your quokka bites the orc.
The orc dies!
Your quokka resists with significant effort.
You see here a scroll of immolation.
Really read the scroll of immolation? [Y]es or [N]o only, please.
Really read the scroll of immolation?
As you read the scroll of immolation, it crumbles to dust.
The creatures around you are filled with an inner flame!
Your quokka bites the orc.
Flame seeps out of the orc.
The orc is engulfed in blazing flames.
The orc explodes!
The fiery explosion engulfs your quokka!!
Your quokka's corpse disappears in a puff of smoke!
The fiery explosion engulfs you!!!
Ouch! That really hurt!
You die...

####...#.#. #
....(.... ?.
.......#.#
oo......##
#.........
#.)....... #§§#
#○§# #########@§#
#..........#
#.########(#
#..#.......#
#.######..#.#######
#.........#.#
########..#.#
#..#.#####
#..#.....##


You could see an orc priest (inner flame) and an orc wizard (inner flame).

Vanquished Creatures
  2 orcs
2 creatures vanquished.

Vanquished Creatures (collateral kills)
  An orc priest (D:3)
  A hound (D:2)
  A centaur skeleton (D:4)
  3 gnolls (D:3)
  3 adders
  2 worms
  5 orcs
  3 ball pythons
  6 endoplasms
  4 giant cockroaches
  7 goblins
  2 hobgoblins (D:2)
  3 jackals (D:3)
  3 quokkas
  5 bats
  4 frilled lizards
  5 kobolds
  3 rats
61 creatures vanquished.

Vanquished Creatures (others)
  A hobgoblin (D:1)
1 creature vanquished.

Grand Total: 64 creatures vanquished

Notes
Turn   | Place    | Note
-------+----------+-------------------------------------------
     0 | D:1      | leviel the Merfolk Summoner began the quest for the Orb.
     0 | D:1      | Reached XP level 1. HP: 13/13 MP: 3/3
   688 | D:1      | Reached XP level 2. HP: 19/19 MP: 1/5
   732 | D:1      | Found Ilel's Weapon Boutique.
   749 | D:1      | Found a faded altar of an unknown god.
  1397 | D:2      | Learned a level 1 spell: Shock
  1792 | D:2      | Reached XP level 3. HP: 20/24 MP: 1/6
  1919 | D:2      | Reached skill level 1 in Conjurations
  3799 | D:3      | Reached XP level 4. HP: 29/30 MP: 2/7
  5181 | D:4      | Found a glowing silver altar of Zin.
  5212 | D:4      | Reached XP level 5. HP: 26/35 MP: 5/8
  5392 | D:4      | Killed by an exploding orc... ignited by their inner flame

Illustrated notes

Levels and vault maps discovered:
D:1:      zelgadis_glass_arrival_small, layout_basic,
          ebering_ecumenical_altar_rust, serial_shops, nicolae_shop_trees,
          lemuel_flame_loot_1
D:2:      layout_basic, grunt_ministairs_15
D:3:      layout_basic, minmay_misc_feat_doors
D:4:      layout_basic, tgw_kikubaaqudgha, nicolae_overflow_crystal_walls

Skill      XL: |  1  2  3  4 |
---------------+-------------+-----
Conjurations   | 2 3 |  3.0
Dodging        | |  2.8
Stealth        | |  2.4
Spellcasting   | |  2.2
Summonings     | |  4.3
Air Magic      | |  0.1

Action                   |  1- 3 |  4- 6 || total
-------------------------+-------+-------++-------
Melee: Unarmed           |    10 |     3 ||    13
 Cast: Summon Small Mamm |   112 |    60 ||   172
  Use: Scroll            |     2 |     5 ||     7
Armor: Robe              |    18 |     5 ||    23
Dodge: Dodged            |    61 |    10 ||    71

Table legend: (Time is in decaauts)
 A = Elapsed time spent in this place.
 B = Non-inter-level travel time spent in this place.
 C = Inter-level travel time spent in this place.
 D = Time resting spent in this place.
 E = Time spent auto-exploring this place.
 F = Levels seen in this place.
 G = Mean time per level.
                   A        B        C        D        E       F      G
               +--------+--------+--------+--------+--------+-----+--------+
         Total |   5392 |   5206 |    186 |   1019 |   3390 |   4 | 1348.0 |
       Dungeon |   5392 |   5206 |    186 |   1019 |   3390 |   4 | 1348.0 |
               +--------+--------+--------+--------+--------+-----+--------+

Top non-repeatable levels by time:
     D:2: 2237 daAuts
     D:3: 1534 daAuts
     D:1: 1390 daAuts
     D:4: 229 daAuts
